 Dungeon Crawl Stone Soup version 0.17-a0-1485-g22cb0ee (webtiles) character file.

363 urechis the Ruffian (level 6, -1/62 HPs)
             Began as a Troll Monk on July 5, 2015.
             Slain by a gnoll
             ... wielding a +0 spear
              (7 damage)
             ... on level 4 of the Dungeon.
             The game lasted 00:05:05 (2194 turns).

urechis the Ruffian (Troll Monk)                    Turns: 2194, Time: 00:05:05

Health: -1/62      AC:  5    Str: 20      XL:     6   Next: 39%
Magic:  0/5        EV:  6    Int:  6      God:
Gold:   173        SH:  0    Dex: 13 (14) Spells: 0 memorised, 5 levels left

rFire  . . .     SeeInvis .       - Unarmed
rCold  . . .     Clarity  .     a - +0 robe
rNeg   . . .     SustAt   .     (no shield)
rPois  .         Gourm    +     (helmet restricted)
rElec  .         Spirit   +     (no cloak)
rCorr  .         Warding  .     (gloves unavailable)
rMut   .         Stasis   .     (boots unavailable)
MR     .....                    c - amulet of guardian spirit
Stlth  +.........               (no ring)
                                (no ring)

@: not resistant to hostile enchantments, very unstealthy
A: unfitting armour, claws 3, fast metabolism 3, gourmand, regeneration 2,
shaggy fur 1, tough skin 2
a: no special abilities


You were on level 4 of the Dungeon.
You were very full.

You visited 1 branch of the dungeon, and saw 4 of its levels.

You collected 173 gold pieces.

Inventory:

Armour
 a - a +0 robe (worn)
Jewellery
 c - an amulet of guardian spirit (around neck)
 g - a +3 ring of intelligence {unknown}
Scrolls
 d - 2 scrolls of teleportation {unknown}
 e - 2 scrolls of random uselessness {unknown}
 h - a scroll of fear {unknown}
 i - 2 scrolls of recharging {unknown}
 j - a scroll of noise {unknown}
 m - 3 scrolls of identify {unknown}
 n - a scroll of amnesia {unknown}
 o - a scroll of blinking {unknown}
Potions
 p - a potion of curing {unknown}
Comestibles
 b - 6 bread rations
 f - 6 fruits
 l - 2 meat rations
 q - 5 chunks of flesh
 r - a beef jerky


   Skills:
 + Level 3.6 Fighting
 + Level 3.8 Dodging
 - Level 1.1 Stealth
 * Level 5.9 Unarmed Combat


You had 5 spell levels left.
You didn't know any spells.

Dungeon Overview and Level Annotations

Branches:
Dungeon (4/15)
 Temple: D:4-7

Altars:


Innate Abilities, Weirdness & Mutations

You are too large for most types of armour.
You have claws for hands.
Your metabolism is lightning-fast.
You like to eat raw meat.
You heal very quickly.
You are covered in fur (AC +1).
You have very tough skin (AC +2).


Message History

You feel clumsy. The hobgoblin barely misses you.
The gnoll completely misses you. The gnoll barely misses you.
There is a large open door here.
The goblin shoots a stone.
The stone hits you but does no damage.
You see here a stone.
The goblin shoots a stone.
The stone hits you but does no damage.
You see here a stone.
Things that are here:
an uncursed hunting sling; 15 stones; a goblin corpse The gnoll misses you.
You see here 3 stones.
The hobgoblin closely misses you.
The goblin shoots a stone.
The stone hits you but does no damage.
There is a stone staircase leading up here.
You see here a stone.
The goblin shoots a stone.
The stone hits you.
* * * LOW HITPOINT WARNING * * *
The gnoll hits you from afar with a spear!
You die...

#...(#
#######''########################
≈≈≈≈≈≈..(..≈≈≈≈≈≈≈≈≈≈≈≈≈≈≈≈≈≈≈≈≈≈
≈≈≈≈≈≈...(≈≈≈≈≈≈≈≈≈≈≈≈≈≈≈≈≈≈≈≈≈≈≈
≈≈≈≈≈≈.).)g≈≈≈≈≈≈≈≈≈≈≈≈≈≈≈≈≈≈≈≈≈≈
≈≈.≈≈≈..)...g≈.≈.≈≈≈.≈≈≈≈≈.≈..≈[≈
........).(.....^................
...........(.(g..................
.###..####..((.g@.####......#####
..... #.##(###.# ###...## # #####
#.##.# #.# ####'##### #.##.# #.#
#........# #.##.# #.# #.##.###.#
##.##.###.# #.##.###.#
#.........####.#...##.###
#.#######.......)........ #.#
#.###..#...##.###


You could see a gnoll, a hobgoblin and 2 goblins.

Vanquished Creatures
  An ogre (D:4)
  2 hounds
  Terence (D:3)
  A worker ant (D:4)
  A gnoll (D:1)
  6 adders
  3 worms (D:2)
  3 orcs (D:3)
  4 ball pythons
  6 giant cockroaches
  13 goblins
  17 hobgoblins
  4 jackals (D:1)
  A quokka (D:2)
  6 bats
  5 giant geckos
  4 giant newts
  11 kobolds
  7 rats
96 creatures vanquished.

Notes
Turn   | Place    | Note
--------------------------------------------------------------
     0 | D:1      | urechis the Troll Monk began the quest for the Orb.
     0 | D:1      | Reached XP level 1. HP: 22/22 MP: 0/0
   118 | D:1      | Reached XP level 2. HP: 21/29 MP: 1/1
   465 | D:1      | Reached XP level 3. HP: 23/36 MP: 2/2
  1132 | D:2      | Reached XP level 4. HP: 37/44 MP: 3/3
  1472 | D:3      | Reached skill level 5 in Unarmed Combat
  1521 | D:3      | Reached XP level 5. HP: 53/53 MP: 2/4
  1801 | D:3      | Noticed Terence
  1816 | D:3      | Killed Terence
  1985 | D:4      | Noticed an ogre
  1993 | D:4      | Killed an ogre
  1993 | D:4      | Reached XP level 6. HP: 34/61 MP: 3/5
  2177 | D:4      | HP: 1/62 [gnoll/spear (4)]
  2194 | D:4      | Slain by a gnoll

Vault maps used:
D:1:      dpeg_arrival_rooms_with_view
D:2:      first_bread
D:3:      serial_bayou_lagoon_b, uniq_terence
D:4:      minmay_goblin_kobold_castle, corexii_item_surrounded_by_moat,
          grunt_decor_fettered, minmay_misc_feat_doors, kennysheep_small_spiral

Action                   |  1- 3 |  4- 6 || total
-------------------------+-------+-------++-------
Melee: Unarmed           |   130 |   145 ||   275
  Use: Potion            |       |     1 ||     1
 Stab: Sleeping          |     3 |     2 ||     5
  Eat: Chunk             |    15 |    10 ||    25
